 Dungeon Crawl Stone Soup version 0.31-a0-232-gb1c03b2570 (webtiles) character file.

Game seed: 14504743163198704463

588 qw the Shooter (level 7, 0/59 HPs)
             Began as a Minotaur Hexslinger on July 7, 2023.
             Succumbed to a scorpion's poison
             ... on level 5 of the Dungeon.
             The game lasted 00:01:33 (3523 turns).

qw the Shooter (Minotaur Hexslinger)                Turns: 3523, Time: 00:01:33

Health: 0/59       AC:  9    Str: 13    XL:     7   Next: 15%
Magic:  7/7        EV: 11    Int: 13    God:
Gold:   29         SH:  0    Dex: 14    Spells: 7/8 levels left

rFire   + . .        Y - +1 sling
rCold   + + .        (no shield)
rNeg    . . .        g - +0 ring mail
rPois   .            i - +1 hat of Supaust {Int+3}
rElec   .            (no cloak)
rCorr   .            (no gloves)
SInv    .            f - +2 pair of boots of the Distant Future {rC+ Will+ Regen+}
Will    +....        b - amulet of regeneration
Stlth   +            c - ring of protection from fire
HPRegen 1.89/turn    p - ring of protection from cold
MPRegen 0.10/turn

%: no passive effects
@: lethally poisoned (0 -> -4)
A: horns 2, retaliatory headbutt
a: no special abilities


You were on level 5 of the Dungeon.
You visited 2 branches of the dungeon, and saw 6 of its levels.

You collected 284 gold pieces.
You spent 255 gold pieces at shops.


Innate Abilities, Weirdness & Mutations

You have a pair of horns on your head.
You reflexively headbutt those who attack you in melee.


   Skills:
 - Level 4.1 Fighting
 + Level 7.3 Ranged Weapons
 - Level 2.6 Armour
 - Level 2.1 Dodging
 - Level 1.0 Spellcasting
 - Level 2.0 Hexes


You had 7 spell levels left.
You knew the following spells:

 Your Spells              Type           Power      Damage    Failure   Level
a - Slow                  Hex            20%        N/A       26%         1

Your spell library contained the following spells:

 Spells                   Type           Power      Damage    Failure   Level
 Inner Flame              Hex/Fire       3%         N/A       75%         3
 Portal Projectile        Hex/Tloc       6%         N/A       75%         3
 Cause Fear               Hex            2%         N/A       94%         4

Inventory:

Hand Weapons
 Y - a +1 sling (weapon)
Armour
 f - the +2 pair of boots of the Distant Future (worn) {rC+ Will+ Regen+}
   (You acquired it on level 4 of the Dungeon)

   rC:        It protects you from cold.
   Regen:     It increases your rate of health regeneration.
   Will:      It increases your willpower.
 g - a +0 ring mail (worn)
 i - the +1 hat of Supaust (worn) {Int+3}
   (You found it on level 3 of the Dungeon)

   Int:       It affects your intelligence (+3).
 k - the +1 robe "Ugumebeg" {Harm Dex+6}
   (You found it on level 3 of the Dungeon)

   Dex:       It affects your dexterity (+6).
   Harm:      It increases damage dealt and taken.
Jewellery
 b - an amulet of regeneration (around neck)
 c - a ring of protection from fire (left hand)
 p - a ring of protection from cold (right hand)
Scrolls
 d - 2 scrolls of identify
 j - 2 scrolls of enchant armour
Potions
 a - a potion of haste
 e - 2 potions of enlightenment
 h - 2 potions of curing
 l - a potion of cancellation {unknown}
 m - a potion of attraction {unknown}
 q - a potion of resistance {unknown}

Dungeon Overview and Level Annotations

Branches:
Dungeon (5/15)             Temple (1/1) D:4

Altars:
Ashenzari
Cheibriados
Dithmenos
Makhleb
Ru
Sif Muna
Trog
Uskayaw
Vehumet
Wu Jian
Xom
Yredelemnul
Zin
The Shining One

Shops:
D:3 (   D:5 ?


Message History

You feel very sick.
The white imp summons a swarm of flies.
The orc wizard hits you but does no damage.
The scorpion barely misses you. You furiously retaliate!
You headbutt the scorpion! You shoot a sling bullet.
The sling bullet barely misses the orc wizard.
The sling bullet hits the orc priest!
The orc priest is almost dead.
You feel very sick. The white imp barely misses you. You furiously retaliate!
You headbutt the white imp.
The orc priest calls upon Beogh to heal the orc wizard.
The orc wizard is healed somewhat.
The scorpion stings you.
You are more poisoned.
The scorpion poisons you!
The white imp hits you but does no damage.
You shoot a sling bullet.
The sling bullet closely misses the scorpion.
The sling bullet barely misses the ufetubus.
You feel extremely sick.
The orc wizard hits you but does no damage.
The scorpion stings you but does no damage.
The orc priest calls down the wrath of Beogh upon you.
Beogh smites you! The white imp barely misses you.
The orc wizard hits you but does no damage.
The scorpion barely misses you. You furiously retaliate!
You headbutt the scorpion!
You kill the scorpion!
The scorpion's corpse dissolves into shadows!
You shoot a sling bullet. The sling bullet hits the orc wizard.
The orc wizard is moderately wounded.
You feel very sick. The ufetubus hits you. The ufetubus barely misses you.
The white imp hits you but does no damage.
The orc wizard hits you but does no damage.
The orc priest looks satisfied for a moment.
You shoot a sling bullet.
The sling bullet closely misses the orc wizard.
You die...

.. ...## ...
....# ... .?..+
##.####....#
..)......#
..o...# #o55#
#@##### #.....#
#.###.#
###.###.##
#.#####....#....
#.......#........
#######....#.###.
##...#.#
##....#.#


You could see an orc priest, an orc wizard, a white imp (summoned) and an
ufetubus (summoned).

Vanquished Creatures
  Sigmund (D:3)
  An ice beast (D:5)
  A scorpion (D:4)
  A jelly (D:4)
  A hound (D:4)
  Natasha (twice) (D:4)
  5 gnolls (D:4)
  3 adders
  An ufetubus (D:5)
  A worm (D:4)
  2 dart slugs
  3 orcs
  4 bats
  6 endoplasms
  2 giant cockroaches
  10 goblins
  10 hobgoblins
  13 jackals
  2 quokkas
  8 ball pythons
  A frilled lizard (D:3)
  7 kobolds
  3 rats
88 creatures vanquished.

Vanquished Creatures (collateral kills)
  A worm (D:4)
1 creature vanquished.

Grand Total: 89 creatures vanquished

Notes
Turn   | Place    | Note
-------+----------+-------------------------------------------
     0 | D:1      | qw the Minotaur Hexslinger began the quest for the Orb.
     0 | D:1      | Reached XP level 1. HP: 16/16 MP: 1/1
     0 | D:1      | 0 ||| qw: Version: 0.3-a-46-gb1f654a
     0 | D:1      | 0 ||| qw: Game counter: 2419
     0 | D:1      | 0 ||| qw: Melee chars always use a shield: true
     0 | D:1      | 0 ||| qw: God list: Okawaru
     0 | D:1      | 0 ||| qw: Allow faded altars: false
     0 | D:1      | 0 ||| qw: Do Orc after clearing Dungeon:15 true
     0 | D:1      | 0 ||| qw: Do second Lair branch before Depths: true
     0 | D:1      | 0 ||| qw: Lair rune preference: random
     0 | D:1      | 0 ||| qw: Goals: Normal
     0 | D:1      | 0 ||| PLANNING D:1-11
   296 | D:1      | Reached skill level 3 in Ranged Weapons
   296 | D:1      | Reached XP level 2. HP: 19/23 MP: 2/2
   394 | D:1      | Found a faded altar of an unknown god.
   511 | D:1      | Reached XP level 3. HP: 29/29 MP: 3/3
   690 | D:1      | 690 ||| UPGRADING to +0 leather armour.
   700 | D:1      | 700 ||| DROPPING +0 robe.
   701 | D:1      | 701 ||| READING 3 scrolls labelled HUALIU RYMES.
   702 | D:1      | 702 ||| READING scroll labelled BOOJ IMNOU.
   707 | D:1      | 707 ||| READING scroll labelled HOUS NYOSEKK.
   708 | D:1      | 708 ||| READING scroll labelled NOURRU VUIGG.
   709 | D:1      | 709 ||| READING scroll labelled PACHISCH HOIMP.
   710 | D:1      | 710 ||| DROPPING 2 scrolls of fear.
   711 | D:1      | 711 ||| DROPPING scroll of poison.
   888 | D:2      | Reached skill level 4 in Ranged Weapons
  1750 | D:2      | 1750 ||| UPGRADING to amulet of regeneration.
  1755 | D:2      | 1755 ||| UPGRADING to ring of protection from fire.
  1756 | D:2      | 1756 ||| READING 4 scrolls of identify.
  1756 | D:2      | 1756 ||| IDENTIFYING sapphire potion
  1757 | D:2      | 1757 ||| READING 3 scrolls of identify.
  1757 | D:2      | 1757 ||| IDENTIFYING sedimented yellow potion
  1758 | D:2      | 1758 ||| DROPPING potion of brilliance.
  1842 | D:3      | Found a hide-covered altar of Uskayaw.
  1873 | D:3      | Reached XP level 4. HP: 36/36 MP: 4/4
  2002 | D:3      | Noticed Sigmund
  2010 | D:3      | Killed Sigmund
  2011 | D:3      | Reached skill level 6 in Ranged Weapons
  2011 | D:3      | Reached XP level 5. HP: 29/41 MP: 5/5
  2025 | D:3      | Found Wumius's Weapon Emporium.
  2090 | D:3      | Identified the +1 hat of Supaust {Int+3}
  2168 | D:3      | Identified the +1 robe "Ugumebeg" {Harm Dex+6}
  2218 | D:3      | 2218 ||| UPGRADING to +1 hat of Supaust {Int+3}.
  2223 | D:3      | 2223 ||| READING scroll labelled CUH ANWYBYAW.
  2224 | D:3      | 2224 ||| DRINKING 2 inky potions.
  2225 | D:3      | 2225 ||| READING 3 scrolls of identify.
  2225 | D:3      | 2225 ||| IDENTIFYING cyan potion
  2226 | D:3      | 2226 ||| READING 2 scrolls of identify.
  2226 | D:3      | 2226 ||| IDENTIFYING murky brown potion
  2227 | D:3      | 2227 ||| DROPPING potion of invisibility.
  2251 | D:4      | Noticed Natasha
  2256 | D:4      | Killed Natasha
  2307 | D:4      | Reached skill level 3 in Fighting
  2342 | D:4      | Reached XP level 6. HP: 51/51 MP: 6/6
  2373 | D:4      | Found a staircase to the Ecumenical Temple.
  2374 | D:4      | 2374 ||| PLANNING TEMPLE
  2383 | Temple   | Entered the Ecumenical Temple
  2544 | Temple   | 2544 ||| PLANNING D:1-11
  2594 | D:4      | 2594 ||| Stepping ~*~*~tactically~*~*~ (outnumbered).
  2606 | D:4      | 2606 ||| FLEEEEING.
  2607 | D:4      | 2607 ||| FLEEEEING.
  2616 | D:4      | 2616 ||| Stepping ~*~*~tactically~*~*~ (outnumbered).
  2682 | D:4      | Noticed Natasha
  2686 | D:4      | 2686 ||| FLEEEEING.
  2687 | D:4      | 2687 ||| FLEEEEING.
  2688 | D:4      | 2688 ||| FLEEEEING.
  2689 | D:4      | 2689 ||| FLEEEEING.
  2690 | D:4      | 2690 ||| FLEEEEING.
  2691 | D:4      | 2691 ||| FLEEEEING.
  2692 | D:4      | 2692 ||| FLEEEEING.
  2693 | D:4      | 2693 ||| FLEEEEING.
  2694 | D:4      | 2694 ||| FLEEEEING.
  2695 | D:4      | 2695 ||| FLEEEEING.
  2696 | D:4      | 2696 ||| FLEEEEING.
  2697 | D:4      | 2697 ||| FLEEEEING.
  2698 | D:4      | 2698 ||| FLEEEEING.
  2699 | D:4      | 2699 ||| FLEEEEING.
  2700 | D:4      | 2700 ||| FLEEEEING.
  2711 | D:4      | 2711 ||| FLEEEEING.
  2724 | D:4      | Killed Natasha
  3169 | D:4      | Reached skill level 7 in Ranged Weapons
  3171 | D:4      | HP: 11/52 [gnoll/+0 spear (7)]
  3172 | D:4      | 3172 ||| READING scroll of teleportation.
  3181 | D:4      | 3181 ||| FLEEEEING.
  3182 | D:4      | 3182 ||| FLEEEEING.
  3183 | D:4      | 3183 ||| FLEEEEING.
  3184 | D:4      | 3184 ||| FLEEEEING.
  3335 | D:4      | 3335 ||| UPGRADING to +0 ring mail.
  3345 | D:4      | 3345 ||| DROPPING +0 leather armour.
  3346 | D:4      | 3346 ||| UPGRADING to ring of protection from cold.
  3347 | D:4      | 3347 ||| READING scroll labelled NEIGGE REHUGUM.
  3347 | D:4      | Identified a scroll of acquirement
  3347 | D:4      | 3347 ||| ACQUIRING +2 pair of boots of the Distant Future
                  | {rC+ Will+ Regen+}
  3347 | D:4      | Acquired the +2 pair of boots of the Distant Future {rC+
                  | Will+ Regen+}
  3349 | D:4      | 3349 ||| UPGRADING to +2 pair of boots of the Distant
                  | Future {rC+ Will+ Regen+}.
  3354 | D:4      | 3354 ||| READING scroll labelled LUUDDERERO.
  3355 | D:4      | 3355 ||| READING scroll labelled LOAKEX TOILOS.
  3386 | D:5      | Entered Level 5 of the Dungeon
  3394 | D:5      | Found Upuwn's Magic Scroll Emporium.
  3399 | D:5      | 3399 ||| BUYING 2 scrolls of enchant armour (225 gold).
  3399 | D:5      | Bought 2 scrolls of enchant armour for 225 gold pieces
  3399 | D:5      | 3399 ||| SHOPLISTING 3 scrolls of identify (90 gold, have
                  | 45).
  3399 | D:5      | 3399 ||| SHOPLISTING scroll of brand weapon (142 gold, have
                  | 45).
  3399 | D:5      | 3399 ||| SHOPLISTING scroll of enchant weapon (112 gold,
                  | have 45).
  3399 | D:5      | 3399 ||| BUYING scroll of identify (30 gold).
  3399 | D:5      | Bought a scroll of identify for 30 gold pieces
  3399 | D:5      | 3399 ||| SHOPLISTING scroll of identify (30 gold, have 15).
  3399 | D:5      | 3399 ||| SHOPLISTING scroll of teleportation (45 gold, have
                  | 15).
  3445 | D:5      | Noticed an ice beast
  3459 | D:5      | Killed an ice beast
  3460 | D:5      | Reached XP level 7. HP: 55/59 MP: 7/7
  3521 | D:5      | HP: 6/59 [orc priest/divine providence (15)]
  3522 | D:5      | HP: 2/59 [ufetubus[an orc wizard] (1)]
  3523 | D:5      | Succumbed to a scorpion's poison

Levels and vault maps discovered:
D:1:      eino_arrival_tree_alley, layout_loops_ring,
          hellmonk_ecumenical_altar_run_dry, glass_columns_a,
          chequers_serial_rivers_large_b
D:2:      layout_basic
D:3:      layout_basic, mainiacjoe_overflow_six_doors_small, serial_shops, shop,
          kennysheep_generic_room_2, uniq_sigmund
D:4:      minmay_opposing_rooms, layout_loops_ring,
          minmay_temple_entry_poolview, uniq_natasha
D:5:      layout_loops_corners, lemuel_tele_altar, serial_shops, shop, shop,
          minmay_guarded_unrand_staff_of_olgreb
Temple:   nicolae_temple_bog_church

Skill      XL: |  1  2  3  4  5  6 |
---------------+-------------------+-----
Ranged Weapons | 3 4 6 7 |  7.3
Fighting       | 2 3 4 |  4.1
Armour         | 2 |  2.6
Dodging        | |  2.1
Spellcasting   | |  1.0
Hexes          | |  2.0

Action                     |  1- 3 |  4- 6 |  7- 9 || total
---------------------------+-------+-------+-------++-------
   Fire: Sling             |   129 |   183 |    19 ||   331
    Use: Scroll            |     7 |     7 |       ||    14
         Potion            |       |     1 |       ||     1
 Armour: Robe              |     5 |       |       ||     5
         Leather armour    |     4 |     8 |       ||    12
         Ring mail         |       |    11 |    16 ||    27
  Dodge: Dodged            |    36 |    71 |    21 ||   128

Table legend:
 A = Non-vault XP
 B = Vault XP
 C = Vault XP percentage of total XP
 D = Non-vault monster count
 E = Vault monster count
 F = Vault count percentage of total count
                 A         B        C        D         E       F
            +---------+---------+-------+---------+---------+-------
      Total |     386 |     454 |  54.0 |      73 |      16 |  18.0
            +---------+---------+-------+---------+---------+-------
        D:1 |      46 |       0 |   0.0 |      26 |       0 |   0.0
        D:2 |      46 |       0 |   0.0 |      12 |       0 |   0.0
        D:3 |      15 |     222 |  93.7 |       9 |       5 |  35.7
        D:4 |     133 |     232 |  63.6 |      18 |      11 |  37.9
        D:5 |     146 |       0 |   0.0 |       8 |       0 |   0.0
            +---------+---------+-------+---------+---------+-------
